 Dungeon Crawl Stone Soup version 0.31.0-11-ge490571c62 (webtiles) character file.

Game seed: 3599213485676181999

204 mainiacjoe the Shooter (level 5, 0/29 HPs)
             Began as a Deep Elf Reaver on Jan 27, 2024.
             Was a Believer of Sif Muna.
             Slain by a hobgoblin
             ... wielding a +0 mace
              (7 damage)
             ... on level 4 of the Dungeon.
             The game lasted 00:06:51 (1962 turns).

mainiacjoe the Shooter (Deep Elf Reaver)            Turns: 1962, Time: 00:06:51

Health: 0/29       AC:  8    Str:  9    XL:     5   Next: 52%
Magic:  11/11      EV: 12    Int: 18    God:    Sif Muna [**....]
Gold:   97         SH:  0    Dex: 15    Spells: 7/10 levels left

rFire   . . .        b - +4 sling
rCold   . . .        (no shield)
rNeg    . . .        k - +0 leather armour
rPois   .            (no helmet)
rElec   .            (no cloak)
rCorr   .            m - +0 pair of gloves
SInv    .            (no boots)
Will    .....        (no amulet)
Stlth   +            d - +4 ring of protection
HPRegen 0.24/turn    (no ring)
MPRegen 0.12/turn

%: no passive effects
@: no status effects
A: no striking features
a: Renounce Religion, Channel Magic


You were on level 4 of the Dungeon.
You worshipped Sif Muna.
Sif Muna was pleased with you.
You visited 1 branch of the dungeon, and saw 5 of its levels.

You collected 97 gold pieces.

Inventory:

Hand Weapons
 a - a +0 rapier of draining
 b - a +4 sling (weapon)
 e - a +0 short sword
 p - a +0 long sword
 u - a +0 broad axe
Missiles
 g - 2 javelins
 h - 29 stones
 i - 6 poisoned darts
Armour
 k - a +0 leather armour (worn)
 m - a +0 pair of gloves (worn)
Jewellery
 d - a +4 ring of protection (left hand)
Talismans
 j - a beast talisman
Wands
 s - a wand of charming (6)
Scrolls
 c - 2 scrolls of identify {unknown}
 f - 2 scrolls of teleportation {unknown}
 l - a scroll of fog {unknown}
 q - a scroll of poison {unknown}
Potions
 n - 2 potions of resistance {unknown}
 o - a potion of magic {unknown}
 r - a potion of enlightenment {unknown}
 t - a potion of lignification {unknown}
 v - a potion of brilliance {unknown}


   Skills:
 - Level 1.5 Fighting
 - Level 3.0(3.1) Short Blades
 - Level 0.7(1.9) Long Blades
 + Level 6.2 Ranged Weapons
 - Level 2.4 Dodging
 - Level 3.0 Spellcasting
 - Level 4.0 Conjurations


You had 7 spell levels left.
You knew the following spells:

 Your Spells              Type           Power      Damage    Failure   Level
a - Momentum Strike       Conj/Tloc      18%        3d8       16%         2
k - Kiss of Death         Conj/Necr      36%        2d8       10%         1

Your spell library contained the following spells:

 Spells                   Type           Power      Damage    Failure   Level
 Hailstorm                Conj/Ice       9%         3d6       30%         3


Dungeon Overview and Level Annotations

Branches:
Dungeon (5/15)
 Temple: D:4-7

Altars:
Elyvilon
Fedhas
Makhleb
Sif Muna
Uskayaw
Wu Jian
Zin

Shops:
D:4 =([


Message History

Sif Muna accepts your kill.
No target in view!
h - 29 stones (gained 2)
Things that are here:
a +0 short sword; a quokka corpse; a kobold corpse An orc comes into view.
It is wielding a +0 hand axe.
The orc shouts!
You hear a shout!
A hobgoblin comes into view. It is wielding a +0 mace.
You hear a shout!
You shoot a sling bullet.
The sling bullet hits the orc but does no damage.
You hear an angry hiss.
You shoot a sling bullet.
The sling bullet hits the orc but does no damage.
A ball python comes into view.
The orc closely misses you.
You shoot a sling bullet. The ball python hisses angrily.
The sling bullet hits the orc.
The orc is heavily wounded.
The orc hits you with a +0 hand axe.
You shoot a sling bullet.
The sling bullet hits the orc but does no damage.
The orc is heavily wounded.
The orc hits you but does no damage. The hobgoblin hits you with a +0 mace!
You are too injured to fight recklessly!
You are too injured to fight recklessly!
The orc hits you but does no damage.
The hobgoblin attacks as it pursues you!
The hobgoblin completely misses you.
The hobgoblin attacks as it pursues you!
The hobgoblin hits you with a +0 mace!
* * * LOW HITPOINT WARNING * * *
Aiming: Charm
Press: ? - help, Shift-Dir - straight line, f - hobgoblin, p - orc
Aim: a hobgoblin, wielding a +0 mace and wearing a +4 ring of slaying (chance to affect: 66%)
The hobgoblin struggles to resist.
The hobgoblin barely misses you.
The hobgoblin attacks as it pursues you!
The hobgoblin hits you with a +0 mace!
You die...

##### # #...#.# .#. #
##.#...#####.. ###
#####...# '.....' ...
.......#.# .....# ###
##.####o.###..#..###.
# #S#g..#.#.#...# #
#...@.......#.. #
####.#......... #
#..#.###.###
#.###)##.# #..#†###.#
#+## #........#
##...##
#.#.####.###.....#
##........##.......
##.......###........


You could see an orc, a hobgoblin and a ball python.

Vanquished Creatures
  A jelly (D:4)
  A bombardier beetle (D:3)
  2 hounds (D:4)
  3 adders (D:4)
  A ribbon worm (D:2)
  A dart slug (D:2)
  4 ball pythons
  6 endoplasms
  4 giant cockroaches
  2 goblins
  6 hobgoblins
  2 quokkas
  4 bats
  A frilled lizard (D:3)
  9 kobolds
  7 rats
54 creatures vanquished.

Notes
Turn   | Place    | Note
-------+----------+-------------------------------------------
     0 | D:1      | mainiacjoe the Deep Elf Reaver began the quest for the Orb.
     0 | D:1      | Reached XP level 1. HP: 12/12 MP: 6/6
     6 | D:1      | Noticed a hound
     6 | D:1      | Noticed an anaconda
     6 | D:1      | Noticed a boulder beetle
     7 | D:1      | Noticed a rime drake
     7 | D:1      | Noticed a polar bear
    29 | D:1      | Found a faded altar of an unknown god.
    42 | D:1      | Prayed at the altar of an unknown god.
    42 | D:1      | Became a worshipper of Sif Muna the Loreminder
    42 | D:1      | Reached * piety under Sif Muna
   177 | D:1      | Reached XP level 2. HP: 16/16 MP: 8/8
   180 | D:1      | Learned a level 2 spell: Momentum Strike
   611 | D:2      | Reached skill level 1 in Ranged Weapons
   667 | D:2      | Found a blossoming altar of Fedhas.
   700 | D:2      | Reached XP level 3. HP: 20/20 MP: 9/9
   851 | D:2      | Reached ** piety under Sif Muna
   863 | D:2      | Reached skill level 2 in Ranged Weapons
  1558 | D:3      | Reached skill level 3 in Ranged Weapons
  1558 | D:3      | Reached XP level 4. HP: 25/25 MP: 10/10
  1628 | D:3      | You fall into a shaft and drop 2 floors!
  1628 | D:5      | Entered Level 5 of the Dungeon
  1628 | D:5      | Found a blossoming altar of Fedhas.
  1628 | D:5      | Found a burning altar of Makhleb.
  1629 | D:5      | Found a white marble altar of Elyvilon.
  1629 | D:5      | Found a hide-covered altar of Uskayaw.
  1631 | D:5      | Found a glowing silver altar of Zin.
  1635 | D:5      | Found an ornate altar of the Wu Jian Council.
  1698 | D:4      | Reached skill level 4 in Ranged Weapons
  1757 | D:4      | Found Viluesu's Antique Armour Shoppe.
  1757 | D:4      | Found Omasao Xouno's Antique Weapon Shoppe.
  1759 | D:4      | Found Dipihecau's Jewellery Shoppe.
  1809 | D:4      | Reached skill level 5 in Ranged Weapons
  1861 | D:4      | Reached XP level 5. HP: 21/29 MP: 9/11
  1904 | D:4      | Reached skill level 6 in Ranged Weapons
  1962 | D:4      | Slain by a hobgoblin

Illustrated notes

Levels and vault maps discovered:
D:1:      onia_arrival_zoo_common, layout_rooms, basic_ecumenical_altar,
          minmay_misc_feat_enclosed
D:2:      layout_loops_corners, basic_altar, minmay_misc_feat_x
D:3:      layout_loops_cross, serial_shops, shop
D:4:      layout_loops_corners, nicolae_shop_distant_corner_stores,
          minmay_fractal_squares_diagonal_5
D:5:      nicolae_cairo_tiling_large, layout_cave_pools, minitemple,
          serial_bayou_lagoon_a, uniq_crazy_yiuf_cottage, uniq_grinder

Skill      XL: |  1  2  3  4  5 |
---------------+----------------+-----
Conjurations   | 4 |  4.0
Ranged Weapons | 1 3 5 6 |  6.2
Fighting       | |  1.5
Short Blades   | |  3.0
Long Blades    | |  0.7
Dodging        | |  2.4
Spellcasting   | |  3.0

Action                     |  1- 3 |  4- 6 || total
---------------------------+-------+-------++-------
  Melee: Long sword        |    43 |       ||    43
         Short sword       |    11 |       ||    11
   Fire: Sling             |    55 |    52 ||   107
   Cast: Momentum Strike   |     1 |     1 ||     2
  Evoke: Wand              |       |     1 ||     1
   Stab: Sleeping          |     1 |       ||     1
 Armour: Leather armour    |    30 |    20 ||    50
  Dodge: Dodged            |    39 |    28 ||    67
